| TOP OF THE 1ST |
|
California Angels batting - Pitching for San Francisco Giants : RHP Curt Howland
|
|
Pitching: RHP Curt Howland
|
|
|
Batting: RHB Nick Dunn
|
0-0: Ball 1-0: DOUBLE (Line Drive, 9LS, EV 100.6 MPH)
|
|
Batting: RHB Preston Deakyne
|
0-0: Ball 1-0: Foul Ball, location: 2F 1-1: Ball 2-1: Foul Ball, location: 2F 2-2: Fly out, F8 (Flyball, 8LD, EV 98.8 MPH)
|
|
Batting: SHB Aldo Questi
|
0-0: Ball 1-0: Ball 2-0: Foul Ball, location: 2F 2-1: Ball 3-1: Base on Balls
|
|
Batting: RHB Dietmar Warmisch
|
0-0: Called Strike 0-1: Ball 1-1: Ball 2-1: SINGLE (Flyball, 78S, EV 94.4 MPH) Nick Dunn to third Aldo Questi to second Throwing error, E7 Nick Dunn scores Aldo Questi to third Dietmar Warmisch to second
|
|
Batting: LHB Micah Miller
|
0-0: Ground out 4-3 (Groundball, 4, EV 88.1 MPH) Aldo Questi scores Dietmar Warmisch to third
|
|
Batting: LHB Josh Cook
|
0-0: Called Strike 0-1: Ball 1-1: Foul Ball, location: 2F 1-2: SINGLE (Groundball, 56S, EV 68.1 MPH) (infield hit) Dietmar Warmisch scores
|
|
Batting: RHB Curt Earnest
|
0-0: Called Strike 0-1: Called Strike 0-2: Ball 1-2: Strikes out swinging
|
| Top of the 1st over - 3 runs, 3 hits, 1 error, 1 left on base; California 3 - San Francisco 0 |
| BOTTOM OF THE 1ST |
|
San Francisco Giants batting - Pitching for California Angels : RHP Angel Marquez
|
|
Pitching: RHP Angel Marquez
|
|
|
Batting: LHB Jack Henningar
|
0-0: Ball 1-0: Called Strike 1-1: Ball 2-1: Foul Ball, location: 2F 2-2: SINGLE (Flyball, 4D, EV 91.9 MPH)
|
|
Batting: RHB Jason May
|
0-0: Ball 1-0: Ball 2-0: Ball 3-0: Base on Balls Jack Henningar to second
|
|
Batting: RHB Sean Zielinski
|
0-0: Ball 1-0: SINGLE (Flyball, 6D, EV 86.9 MPH) Jack Henningar to third Jason May to second
|
|
Batting: LHB John Blair
|
0-0: Fly out, F8 (Flyball, 8LM, EV 86.9 MPH)
|
|
Batting: RHB Tom Beckman
|
0-0: Ball 1-0: Ball 2-0: Called Strike 2-1: Foul Ball, location: 2F 2-2: Foul Ball, location: 2F 2-2: Fly out, F4 (Line Drive, 4, EV 74.4 MPH)
|
|
Batting: RHB Bobby Scholl
|
0-0: Called Strike 0-1: Foul Ball, location: 2F 0-2: Foul Ball, location: 2F 0-2: Ball 1-2: Ball 2-2: SINGLE (Line Drive, 89S, EV 91.3 MPH) Jack Henningar scores Jason May to third Sean Zielinski to second Runner from 3rd tries for Home, throw by RF and OUT! 9-2
|
| Bottom of the 1st over - 1 run, 3 hits, 0 errors, 2 left on base; California 3 - San Francisco 1 |
| TOP OF THE 2ND |
|
California Angels batting - Pitching for San Francisco Giants : RHP Curt Howland
|
|
Batting: RHB Gael Jones
|
0-0: Ball 1-0: Swinging Strike 1-1: Foul Ball, location: 2F 1-2: Ball 2-2: Strikes out swinging
|
|
Batting: LHB Steve Roepke
|
0-0: Foul Ball, location: 2F 0-1: Ball 1-1: Ground out 4-3 (Groundball, 4, EV 104.4 MPH)
|
|
Batting: RHB Nick Dunn
|
0-0: Called Strike 0-1: Ball 1-1: Ball 2-1: Called Strike 2-2: SINGLE (Line Drive, 56, EV 100.0 MPH)
|
|
Batting: RHB Preston Deakyne
|
0-0: Ball 1-0: Foul Ball, location: 2F 1-1: Called Strike 1-2: Ball 2-2: Ball 3-2: Foul Ball, location: 2F 3-2: 2-RUN HOME RUN (Flyball, 7D, EV 102.5 MPH), Distance : 376 ft
|
|
Batting: SHB Aldo Questi
|
0-0: Ground out U3 (Groundball, 34, EV 86.9 MPH)
|
| Top of the 2nd over - 2 runs, 2 hits, 0 errors, 0 left on base; California 5 - San Francisco 1 |
| BOTTOM OF THE 2ND |
|
San Francisco Giants batting - Pitching for California Angels : RHP Angel Marquez
|
|
Batting: RHB Itsuo Egami
|
0-0: Ball 1-0: Swinging Strike 1-1: Ball 2-1: Foul Ball, location: 2F 2-2: Foul Ball, location: 2F 2-2: Strikes out swinging
|
|
Batting: RHB Xavier Castellanos
|
0-0: Called Strike 0-1: Foul Ball, location: 2F 0-2: Ball 1-2: Ball 2-2: Strikes out swinging
|
|
Batting: LHB Nick Swank
|
0-0: Ball 1-0: Fly out, F8 (Line Drive, 8RD, EV 90.0 MPH)
|
| Bottom of the 2nd over - 0 runs, 0 hits, 0 errors, 0 left on base; California 5 - San Francisco 1 |
| TOP OF THE 3RD |
|
California Angels batting - Pitching for San Francisco Giants : RHP Curt Howland
|
|
Batting: RHB Dietmar Warmisch
|
0-0: Ball 1-0: SINGLE (Groundball, 56D, EV 108.1 MPH)
|
|
Batting: LHB Micah Miller
|
0-0: Ball 1-0: Ball 2-0: Called Strike 2-1: Foul Ball, location: 2F 2-2: Strikes out swinging
|
|
Batting: LHB Josh Cook
|
0-0: Ball 1-0: Foul Ball, location: 2F 1-1: Fly out, F8 (Flyball, 8RXD, EV 100.0 MPH)
|
|
Batting: RHB Curt Earnest
|
0-0: Called Strike 0-1: Ball 1-1: Ball 2-1: Foul Ball, location: 2F 2-2: Strikes out looking
|
| Top of the 3rd over - 0 runs, 1 hit, 0 errors, 1 left on base; California 5 - San Francisco 1 |
| BOTTOM OF THE 3RD |
|
San Francisco Giants batting - Pitching for California Angels : RHP Angel Marquez
|
|
Batting: LHB Jack Henningar
|
0-0: Called Strike 0-1: Ball 1-1: Ball 2-1: Foul Ball, location: 2F 2-2: Foul Ball, location: 2F 2-2: Ball 3-2: SINGLE (Line Drive, 9LS, EV 98.8 MPH)
|
|
Batting: RHB Jason May
|
0-0: Called Strike 0-1: Ball 1-1: Ball 2-1: Ball 3-1: Foul Ball, location: 2F 3-2: Base on Balls Jack Henningar to second
|
|
Batting: RHB Sean Zielinski
|
0-0: Grounds into double play, 5-4-3 (Groundball, 56, EV 106.9 MPH) Jack Henningar to third
|
|
Batting: LHB John Blair
|
0-0: Ball 1-0: Reached on error, E4 (Groundball, 4, EV 85.0 MPH) Jack Henningar scores
|
|
Batting: RHB Tom Beckman
|
0-0: Fly out, F7 (Flyball, 78S, EV 88.8 MPH)
|
| Bottom of the 3rd over - 1 run, 1 hit, 1 error, 1 left on base; California 5 - San Francisco 2 |
| TOP OF THE 4TH |
|
California Angels batting - Pitching for San Francisco Giants : RHP Curt Howland
|
|
Batting: RHB Gael Jones
|
0-0: Called Strike 0-1: Swinging Strike 0-2: Ball 1-2: Ball 2-2: Ground out 4-3 (Groundball, 4M, EV 97.5 MPH)
|
|
Batting: LHB Steve Roepke
|
0-0: Called Strike 0-1: Swinging Strike 0-2: Strikes out looking
|
|
Batting: RHB Nick Dunn
|
0-0: Ball 1-0: Ball 2-0: Foul Ball, location: 2F 2-1: Swinging Strike 2-2: Strikes out swinging
|
| Top of the 4th over - 0 runs, 0 hits, 0 errors, 0 left on base; California 5 - San Francisco 2 |
| BOTTOM OF THE 4TH |
|
San Francisco Giants batting - Pitching for California Angels : RHP Angel Marquez
|
|
Batting: RHB Bobby Scholl
|
0-0: Ball 1-0: Ball 2-0: Called Strike 2-1: Ball 3-1: Base on Balls
|
|
Batting: RHB Itsuo Egami
|
0-0: Ball Passed Ball! Bobby Scholl to second 1-0: Ball 2-0: Ball 3-0: Base on Balls
|
|
Batting: RHB Xavier Castellanos
|
0-0: Ball 1-0: Called Strike 1-1: Foul Ball, location: 2F 1-2: Ball 2-2: Foul Ball, location: 2F 2-2: Strikes out swinging
|
|
Batting: LHB Nick Swank
|
0-0: Called Strike 0-1: Called Strike 0-2: Strikes out swinging
|
|
Batting: LHB Jack Henningar
|
0-0: Ball 1-0: Called Strike 1-1: Ground out U3 (Groundball, 3, EV 105.0 MPH)
|
| Bottom of the 4th over - 0 runs, 0 hits, 0 errors, 2 left on base; California 5 - San Francisco 2 |
| TOP OF THE 5TH |
|
California Angels batting - Pitching for San Francisco Giants : RHP Curt Howland
|
|
Pitching: LHP Tyler Stancil
|
|
|
Batting: RHB Preston Deakyne
|
0-0: Called Strike 0-1: Called Strike 0-2: Ball 1-2: Fly out, F8 (Flyball, 78D, EV 93.1 MPH)
|
|
Batting: SHB Aldo Questi
|
0-0: SOLO HOME RUN (Flyball, 7D, EV 98.1 MPH), Distance : 374 ft
|
|
Batting: RHB Dietmar Warmisch
|
0-0: Swinging Strike 0-1: Fly out, F9 (Flyball, 9, EV 86.3 MPH)
|
|
Batting: LHB Micah Miller
|
0-0: SINGLE (Groundball, 4MD, EV 106.9 MPH)
|
|
Batting: LHB Josh Cook
|
0-0: Called Strike 0-1: Foul Ball, location: 2F 0-2: Ball 1-2: Strikes out looking
|
| Top of the 5th over - 1 run, 2 hits, 0 errors, 1 left on base; California 6 - San Francisco 2 |
| BOTTOM OF THE 5TH |
|
San Francisco Giants batting - Pitching for California Angels : RHP Angel Marquez
|
|
Batting: RHB Jason May
|
0-0: Called Strike 0-1: Foul Ball, location: 2F 0-2: Ball 1-2: Ground out 5-3 (Groundball, 5L, EV 86.9 MPH)
|
|
Batting: RHB Sean Zielinski
|
0-0: Ball 1-0: Ball 2-0: Called Strike 2-1: Ball 3-1: Base on Balls
|
|
Batting: LHB John Blair
|
0-0: Called Strike 0-1: Called Strike 0-2: SINGLE (Groundball, 56D, EV 103.8 MPH) Sean Zielinski to second Runner from 2nd tries for 3rd, SAFE, throw by LF made to third John Blair to second
|
|
Batting: RHB Tom Beckman
|
0-0: Swinging Strike 0-1: Ball 1-1: Ground out 4-3 (Groundball, 4, EV 101.3 MPH) Sean Zielinski scores John Blair to third
|
|
Batting: RHB Bobby Scholl
|
0-0: Ground out 5-3 (Groundball, 56S, EV 86.9 MPH)
|
| Bottom of the 5th over - 1 run, 1 hit, 0 errors, 1 left on base; California 6 - San Francisco 3 |
| TOP OF THE 6TH |
|
California Angels batting - Pitching for San Francisco Giants : LHP Tyler Stancil
|
|
Batting: RHB Curt Earnest
|
0-0: Called Strike 0-1: Ball 1-1: Fly out, F9 (Flyball, 9LM, EV 95.0 MPH)
|
|
Batting: RHB Gael Jones
|
0-0: Ball 1-0: Ball 2-0: SOLO HOME RUN (Flyball, 7LD, EV 93.8 MPH), Distance : 354 ft
|
|
Batting: LHB Steve Roepke
|
0-0: Foul Ball, location: 2F 0-1: Swinging Strike 0-2: Strikes out swinging
|
|
Batting: RHB Nick Dunn
|
0-0: Ball 1-0: Swinging Strike 1-1: Ball 2-1: Ground out 6-3 (Groundball, 6, EV 80.0 MPH)
|
| Top of the 6th over - 1 run, 1 hit, 0 errors, 0 left on base; California 7 - San Francisco 3 |
| BOTTOM OF THE 6TH |
|
San Francisco Giants batting - Pitching for California Angels : RHP Angel Marquez
|
|
Pitching: RHP Austin Maki
|
|
|
Batting: RHB Itsuo Egami
|
0-0: Called Strike 0-1: Ball 1-1: Ball 2-1: Foul Ball, location: 2F 2-2: Ball 3-2: Foul Ball, location: 2F 3-2: Fly out, F7 (Line Drive, 7, EV 86.3 MPH)
|
|
Pinch Hitting: SHB Ryan Doss
|
0-0: Foul Ball, location: 2F 0-1: Ball 1-1: Foul Ball, location: 2F 1-2: Ball 2-2: Fly out, F9 (Flyball, 89S, EV 77.5 MPH)
|
|
Batting: LHB Nick Swank
|
0-0: SOLO HOME RUN (Flyball, 9LD, EV 91.9 MPH), Distance : 341 ft
|
|
Batting: LHB Jack Henningar
|
0-0: Ball 1-0: Called Strike 1-1: Foul Ball, location: 2F 1-2: Ground out U3 (Groundball, 3, EV 80.0 MPH)
|
| Bottom of the 6th over - 1 run, 1 hit, 0 errors, 0 left on base; California 7 - San Francisco 4 |
| TOP OF THE 7TH |
|
California Angels batting - Pitching for San Francisco Giants : LHP Tyler Stancil
|
|
Pitching: RHP Borisz Barciniak
|
|
|
Now in CF: Willis Robles
|
|
|
Batting: RHB Preston Deakyne
|
0-0: Fly out, F8 (Flyball, 8LS, EV 88.8 MPH)
|
|
Batting: SHB Aldo Questi
|
0-0: Ball 1-0: Foul Ball, location: 2F 1-1: Foul Ball, location: 2F 1-2: Foul Ball, location: 2F 1-2: Ball 2-2: Ball 3-2: Base on Balls
|
|
Batting: RHB Dietmar Warmisch
|
0-0: Ball 1-0: Called Strike 1-1: Swinging Strike 1-2: Ball 2-2: Strikes out swinging
|
|
Batting: LHB Micah Miller
|
0-0: Ball 1-0: Foul Ball, location: 2F 1-1: Foul Ball, location: 2F 1-2: Fly out, F9 (Flyball, 9LD, EV 87.5 MPH)
|
| Top of the 7th over - 0 runs, 0 hits, 0 errors, 1 left on base; California 7 - San Francisco 4 |
| BOTTOM OF THE 7TH |
|
San Francisco Giants batting - Pitching for California Angels : RHP Austin Maki
|
|
Pitching: RHP Jakub Kvacek
|
|
|
Batting: RHB Jason May
|
0-0: Ball 1-0: SINGLE (Line Drive, 4MD, EV 109.4 MPH)
|
|
Batting: RHB Sean Zielinski
|
0-0: Ball 1-0: Called Strike 1-1: Ball 2-1: Foul Ball, location: 2F 2-2: Ball 3-2: Fly out, F4 (Popup, 3D, EV 64.4 MPH)
|
|
Batting: LHB John Blair
|
0-0: Called Strike 0-1: Ball 1-1: Called Strike 1-2: Ball 2-2: SINGLE (Line Drive, 78M, EV 99.4 MPH) Jason May to second Jason May to third
|
|
Batting: RHB Tom Beckman
|
0-0: Ball 1-0: Ball 2-0: Ball 3-0: Base on Balls John Blair to second
|
|
Batting: RHB Bobby Scholl
|
0-0: Called Strike 0-1: Swinging Strike 0-2: Strikes out looking
|
|
Batting: RHB Itsuo Egami
|
0-0: SINGLE (Groundball, 6MD, EV 96.3 MPH) Jason May scores John Blair to third Tom Beckman to second Runner from 3rd tries for Home, SAFE, throw by CF to home
|
|
Batting: LHB Willis Robles
|
0-0: SINGLE (Groundball, 4M, EV 96.3 MPH) (infield hit) Tom Beckman to third Itsuo Egami to second
|
|
Batting: LHB Nick Swank
|
0-0: Called Strike 0-1: Ball 1-1: Foul Ball, location: 2F 1-2: Strikes out swinging
|
| Bottom of the 7th over - 2 runs, 4 hits, 0 errors, 3 left on base; California 7 - San Francisco 6 |
| TOP OF THE 8TH |
|
California Angels batting - Pitching for San Francisco Giants : RHP Borisz Barciniak
|
|
Pitching: RHP Ben Sheets
|
|
|
Batting: LHB Josh Cook
|
0-0: Called Strike 0-1: Ground out 5-3 (Groundball, 5, EV 90.6 MPH)
|
|
Batting: RHB Curt Earnest
|
0-0: Called Strike 0-1: Ball 1-1: Called Strike 1-2: Strikes out swinging
|
|
Batting: RHB Gael Jones
|
0-0: Swinging Strike 0-1: SINGLE (Groundball, 25, EV 63.1 MPH) (infield hit)
|
|
Batting: LHB Steve Roepke
|
0-0: Swinging Strike 0-1: Fly out, F7 (Line Drive, 7, EV 91.3 MPH)
|
| Top of the 8th over - 0 runs, 1 hit, 0 errors, 1 left on base; California 7 - San Francisco 6 |
| BOTTOM OF THE 8TH |
|
San Francisco Giants batting - Pitching for California Angels : RHP Jakub Kvacek
|
|
Pitching: LHP Dan Poirier
|
|
|
Batting: LHB Jack Henningar
|
0-0: Called Strike 0-1: Swinging Strike 0-2: Ball 1-2: Ball 2-2: Ball 3-2: Strikes out swinging
|
|
Pitching: RHP Joel Ciampi
|
|
|
Batting: RHB Jason May
|
0-0: Ball 1-0: Ball 2-0: Ball 3-0: Base on Balls
|
|
Batting: RHB Sean Zielinski
|
0-0: Ball 1-0: Ball 2-0: Called Strike 2-1: Foul Ball, location: 2F Balk! Jason May to second 2-2: Ball 3-2: Strikes out swinging
|
|
Batting: LHB John Blair
|
0-0: Foul Ball, location: 2F 0-1: Swinging Strike 0-2: Strikes out swinging
|
| Bottom of the 8th over - 0 runs, 0 hits, 0 errors, 1 left on base; California 7 - San Francisco 6 |
| TOP OF THE 9TH |
|
California Angels batting - Pitching for San Francisco Giants : RHP Ben Sheets
|
|
Pitching: RHP Micah Teller
|
|
|
Batting: RHB Nick Dunn
|
0-0: Ball 1-0: Ball 2-0: Ball 3-0: Called Strike 3-1: Foul Ball, location: 2F 3-2: Strikes out looking
|
|
Batting: RHB Preston Deakyne
|
0-0: Ball 1-0: Called Strike 1-1: Fly out, F9 (Flyball, 9D, EV 99.4 MPH)
|
|
Batting: SHB Aldo Questi
|
0-0: Ball 1-0: Ball 2-0: Called Strike 2-1: Fly out, F8 (Flyball, 8LM, EV 74.4 MPH)
|
| Top of the 9th over - 0 runs, 0 hits, 0 errors, 0 left on base; California 7 - San Francisco 6 |
| BOTTOM OF THE 9TH |
|
San Francisco Giants batting - Pitching for California Angels : RHP Joel Ciampi
|
|
Pitching: RHP Ryan Terlizzi
|
|
|
Batting: RHB Tom Beckman
|
0-0: Ball 1-0: Ball 2-0: Ball 3-0: Base on Balls
|
|
Batting: RHB Bobby Scholl
|
0-0: Ball 1-0: Ground out U3 (Groundball, 34, EV 103.1 MPH) Tom Beckman to second
|
|
Batting: RHB Itsuo Egami
|
0-0: Ground out 6-3 (Groundball, 6M, EV 88.1 MPH) Tom Beckman to third
|
|
Batting: LHB Willis Robles
|
0-0: Foul Ball, location: 2F 0-1: Foul Ball, location: 2F 0-2: Ball 1-2: Foul Ball, location: 2F 1-2: Strikes out looking
|
| Bottom of the 9th over - 0 runs, 0 hits, 0 errors, 1 left on base; California 7 - San Francisco 6 |
|